 Dungeon Crawl Stone Soup version 0.32-a0-450-g080537f31e (webtiles) character file.

Game seed: 12196567687029309500

394 Turgor the Sneak (level 6, 0/41 HPs)
             Began as a Coglin Enchanter on Feb 23, 2024.
             Was an Elder of Uskayaw.
             Splashed by a jelly's acid (3 damage)
             ... on level 5 of the Dungeon.
             The game lasted 00:15:50 (3528 turns).

Turgor the Sneak (Coglin Enchanter)                 Turns: 3528, Time: 00:15:51

Health: 0/41       AC:  7    Str:  8    XL:     6   Next: 82%
Magic:  8/8        EV: 11    Int: 15    God:    Uskayaw [****..]
Gold:   204        SH:  0    Dex: 16    Spells: 6/8 levels left

rFire   . . .        a - +1 dagger {Daeho}
rCold   . . .        o - +0 dagger (protect) {Thatsani}
rNeg    . . .        u - +0 leather armour {rPois}
rPois   +            (no helmet)
rElec   .            (no cloak)
rCorr   .            (no gloves)
SInv    .            k - +0 pair of boots
Will    .....        x - amulet of regeneration
Stlth   +++          d - +4 ring of protection
HPRegen 1.06/turn    (no ring)
MPRegen 0.11/turn

%: no passive effects
@: corroded, under a protective aura, immotile, revved
A: off-hand wielding, slow wielding, warmup strikes, legs shutdown
a: Renounce Religion, Stomp, Line Pass


You were on level 5 of the Dungeon.
You worshipped Uskayaw.
Uskayaw was noncommittal.
You visited 2 branches of the dungeon, and saw 6 of its levels.

You collected 204 gold pieces.

Inventory:

Hand Weapons
 a - a +1 dagger (weapon) {Daeho}
 o - a +0 dagger of protection (offhand) {Thatsani}
 q - the +0 flail "Demonbane" {heavy, rC- Will+ Int+3 Dex+6}
   (You found it on level 2 of the Dungeon)

   Int+3:     It affects your intelligence (+3).
   Dex+6:     It affects your dexterity (+6).
   rC-:       It makes you vulnerable to cold.
   Will+:     It increases your willpower.
 s - a +1 short sword of holy wrath
Missiles
 v - 8 stones (quivered)
Armour
 j - an orb of guile
 k - a +0 pair of boots (worn)
 u - a +0 leather armour of poison resistance (worn)
Jewellery
 d - a +4 ring of protection (left grasper)
 x - an amulet of regeneration (around neck)
Scrolls
 b - a scroll of immolation {unknown}
 f - 3 scrolls of vulnerability
 g - a scroll of amnesia {unknown}
 h - a scroll of fog {unknown}
 m - a scroll of torment {unknown}
 p - a scroll of teleportation {unknown}
 t - a scroll of blinking {unknown}
Potions
 c - 2 potions of invisibility
 e - a potion of magic
 i - 2 potions of resistance
 l - 2 potions of lignification
 n - 2 potions of cancellation
 r - 2 potions of brilliance
 w - a potion of heal wounds {unknown}


   Skills:
 + Level 4.3 Short Blades
 - Level 1.7 Dodging
 + Level 5.0 Stealth
 - Level 1.7 Spellcasting
 - Level 2.6 Hexes


You had 6 spell levels left.
You knew the following spells:

 Your Spells              Type           Power      Damage    Failure   Level
a - Ensorcelled Hibernat  Hex/Ice        10%        N/A       28%         2

Your spell library contained the following spells:

 Spells                   Type           Power      Damage    Failure   Level
 Slow                     Hex            36%        N/A       11%         1
 Kiss of Death            Conj/Necr      4%         2d5       32%         1
 Confusing Touch          Hex            9%         N/A       32%         3
 Sigil of Binding         Hex            9%         N/A       32%         3
 Tukima's Dance           Hex            9%         N/A       32%         3
 Lesser Beckoning         Tloc           2%         N/A       45%         2
 Dazzling Flash           Conj/Hex       10%        N/A       50%         3
 Gell's Gravitas          Tloc           1%         N/A       69%         3
 Teleport Other           Tloc           1%         N/A       69%         3
 Vampiric Draining        Necr           1%         2d6       69%         3
 Dispel Undead            Necr           1%         3d6       97%         4
 Vhi's Electric Charge    Tloc/Air       2%         N/A       97%         4
 Arcjolt                  Conj/Air       0%         1d10      100%        5
 Maxwell's Capacitive Co  Air            0%         ∞         100%        8


Dungeon Overview and Level Annotations

Branches:
Dungeon (5/15)             Temple (1/1) D:4

Altars:
Ashenzari
Cheibriados
Dithmenos
Elyvilon
Gozag
Hepliaklqana
Kikubaaqudgha
Makhleb
Nemelex Xobeh
Qazlal
Sif Muna
Trog
Uskayaw
Vehumet
Wu Jian
Xom
Yredelemnul
Zin
The Shining One


Innate Abilities, Weirdness & Mutations

You can wield a second weapon in your off-hand.
It takes a long time for you to wield or remove held weapons.
Your first few attacks do less damage.
Attacking and casting redirects power from your legs.


Message History

Your Stealth skill increases to level 5!
You cannot move.
You cannot move.
You cannot move.
You aren't carrying any items that you can evoke.
Casting: Ensorcelled Hibernation (dangerous; 28% risk of failure)
Confirm with . or Enter, or press ? or * to list all spells.
Okay, then.
Unknown command.
Okay, then.
Unknown command.
You are no longer unable to travel.
The jelly is no longer paralysed.
You hit the jelly with your +1 dagger.
Your graspers burn!
The jelly is lightly wounded.
You hit the jelly with your +0 dagger of protection.
Your graspers burn!
The jelly hits you but does no damage.
You hit the jelly with your +0 dagger of protection.
Your graspers burn!
The jelly is heavily wounded.
You hit the jelly but do no damage.
Your graspers burn!
The jelly hits you but does no damage.
Uskayaw will force your foes to share their pain.
You completely miss the jelly with your +0 dagger of protection.
The jelly is heavily wounded.
You hit the jelly with your +1 dagger.
Your graspers burn!
The jelly hits you.
You are splashed with acid.
You hit the jelly with your +1 dagger. The acid corrodes you!
Your graspers burn!
The jelly is severely wounded.
You hit the jelly with your +0 dagger of protection.
Your graspers burn!
* * * LOW HITPOINT WARNING * * *
The jelly hits you.
* * * LOW HITPOINT WARNING * * *
The acid corrodes you!
You are splashed with acid.
* * * LOW HITPOINT WARNING * * *
You hit the jelly but do no damage.
Your graspers burn!
You die...
Your body falls in perfect tune with the rhythm.

#.##.# .#
###.##.## J.#
#.#.....# ..
#######.#..###.###
.s .......###.#
#...# ###.J
#####.## #.###.#.#
#...o ..#
##.###.....#.#
#.#.#
#.####..#.######.#
#o#.# #.....#..##
#@# #.#.#
...###.###
#J###.#$## ##.#
### #...o.o..# #
#.)......#
#........#
#........... ##.#
##.......### ...#
#.......# ####
#.......#


You could see a jelly.

Vanquished Creatures
  A black bear (D:4)
  A scorpion (D:5)
  A hound (D:4)
  An orc priest (D:5)
  A gnoll bouda (D:4)
  4 gnolls (D:4)
  4 adders
  2 dart slugs (D:4)
  A ribbon worm (D:3)
  8 orcs
  4 ball pythons
  4 bats
  9 endoplasms
  2 giant cockroaches
  8 goblins
  10 hobgoblins
  2 jackals (D:3)
  2 quokkas (D:1)
  4 frilled lizards
  3 kobolds (D:1)
  A rat (D:1)
73 creatures vanquished.

Notes
Turn   | Place    | Note
-------+----------+-------------------------------------------
     0 | D:1      | Turgor the Coglin Enchanter began the quest for the Orb.
     0 | D:1      | Reached XP level 1. HP: 13/13 MP: 3/3
    37 | D:1      | Reached skill level 1 in Short Blades
   178 | D:1      | Reached XP level 2. HP: 14/19 MP: 4/4
   308 | D:1      | Learned a level 2 spell: Ensorcelled Hibernation
   517 | D:1      | Reached skill level 3 in Stealth
  1024 | D:2      | Reached XP level 3. HP: 24/24 MP: 5/5
  1217 | D:2      | Identified the +0 flail "Demonbane" {heavy, rC- Will+ Int+3
                  | Dex+6}
  1358 | D:2      | Found a hide-covered altar of Uskayaw.
  1453 | D:2      | Became a worshipper of Uskayaw the Reveller
  1701 | D:3      | Reached * piety under Uskayaw
  1711 | D:3      | Reached ** piety under Uskayaw
  1902 | D:3      | Reached XP level 4. HP: 21/30 MP: 6/6
  2393 | D:4      | Noticed a black bear
  2407 | D:4      | Reached *** piety under Uskayaw
  2408 | D:4      | Reached XP level 5. HP: 35/35 MP: 7/7
  2410 | D:4      | Reached **** piety under Uskayaw
  2412 | D:4      | Reached skill level 4 in Stealth
  2455 | D:4      | Killed a black bear
  2456 | D:4      | Reached XP level 6. HP: 38/41 MP: 8/8
  3017 | D:4      | Found a staircase to the Ecumenical Temple.
  3031 | Temple   | Entered the Ecumenical Temple
  3391 | D:5      | Entered Level 5 of the Dungeon
  3523 | D:5      | Reached skill level 5 in Stealth
  3528 | D:5      | Splashed by a jelly's acid

Illustrated notes

Levels and vault maps discovered:
D:1:      tarquinn_simple_flora_water_c, layout_basic, serial_corexii_hall,
          chequers_hall_statues_wall_a, corexii_hall_statues_u, st_stairs_7,
          minmay_tetromino_l4
D:2:      layout_loops_cross, basic_altar, st_stairs_11, minmay_misc_feat_doors
D:3:      layout_loops_cross
D:4:      layout_cave_pods, minmay_temple_entry_statues_pillars
D:5:      minmay_chambers_of_threes, layout_loops_ring, serial_shops, shop,
          nicolae_shop_rolled_up, nicolae_book_shop_shelving
Temple:   nicolae_temple_two_arcs

Skill      XL: |  1  2  3  4  5  6 |
---------------+-------------------+-----
Short Blades   | 1 2 3 4 |  4.3
Stealth        | 3 4 5 |  5.0
Dodging        | |  1.7
Spellcasting   | |  1.7
Hexes          | |  2.6

Action                     |  1- 3 |  4- 6 || total
---------------------------+-------+-------++-------
  Melee: Dagger            |   185 |   299 ||   484
 Invoke: Stomp             |       |     1 ||     1
    Use: Scroll            |     4 |     3 ||     7
         Potion            |       |     1 ||     1
   Stab: Sleeping          |     3 |     3 ||     6
         Invisible         |       |     7 ||     7
         Paralysed         |       |     3 ||     3
 Armour: Robe              |    59 |    22 ||    81
         Leather armour    |       |    50 ||    50
  Dodge: Dodged            |    61 |    72 ||   133

Table legend: (Time is in decaauts)
 A = Elapsed time spent in this place.
 B = Non-inter-level travel time spent in this place.
 C = Inter-level travel time spent in this place.
 D = Time resting spent in this place.
 E = Time spent auto-exploring this place.
 F = Levels seen in this place.
 G = Mean time per level.
                   A        B        C        D        E       F      G
               +--------+--------+--------+--------+--------+-----+--------+
         Total |   3485 |   3308 |    177 |     22 |   2601 |   6 |  580.8 |
       Dungeon |   3483 |   3306 |    177 |     22 |   2601 |   5 |  696.6 |
        Temple |      1 |      1 |      0 |      0 |      0 |   1 |    1.0 |
               +--------+--------+--------+--------+--------+-----+--------+

Top non-repeatable levels by time:
     D:4: 1079 daAuts
     D:1: 959 daAuts
     D:2: 671 daAuts
     D:3: 647 daAuts
     D:5: 125 daAuts
  Temple: 1 daAuts
